 Dungeon Crawl Stone Soup version 0.28.0-53-g5a82cb258f (webtiles) character file.

Game seed: 14977173580836137535

968 Gabide the Skirmisher (level 7, -2/56 HPs)
             Began as a Mummy Monk on June 3, 2022.
             Slain by an orc warrior
             ... wielding a +0 long sword
              (4 damage)
             ... on level 5 of the Dungeon.
             The game lasted 00:08:47 (6976 turns).

Gabide the Skirmisher (Mummy Monk)                  Turns: 6976, Time: 00:08:47

Health: -2/56      AC: 11    Str: 14    XL:     7   Next: 93%
Magic:  7/7        EV: 11    Int: 10    God:
Gold:   268        SH:  0    Dex: 16    Spells: 6/6 levels left

rFire   x . .      SeeInvis .   m - +1 club (spect)
rCold   + . .      Faith    .   (no shield)
rNeg    + + +      Spirit   .   d - +2 scale mail {Will+}
rPois   ∞          Reflect  .   l - +2 helmet
rElec   .          Harm     .   (no cloak)
rCorr   .          Rampage  .   (no gloves)
Will    +....                   (no boots)
Stlth   +.........              (no amulet)
HPRegen 0.18/turn               (no ring)
MPRegen 0.10/turn               (no ring)

@: no status effects
A: cold resistance 1, negative energy resistance 3, torment resistance 2, heat
vulnerability 1, no potions
a: no special abilities


You were on level 5 of the Dungeon.
You visited 1 branch of the dungeon, and saw 6 of its levels.

You collected 268 gold pieces.

Inventory:

Hand Weapons
 e - a +2 hunting sling of flaming
 m - a +1 spectral club (weapon)
Missiles
 a - 63 stones (quivered)
Armour
 d - a +2 scale mail of willpower (worn)
 l - a +2 helmet (worn)
Wands
 f - a wand of paralysis (8)
 h - a wand of polymorph (13)
 j - a wand of flame (13)
Scrolls
 b - 3 scrolls of teleportation
 g - a scroll of amnesia {unknown}
 i - a scroll of vulnerability {unknown}
 n - a scroll of blinking


   Skills:
 + Level 5.5 Fighting
 - Level 3.0 Armour
 + Level 4.6 Dodging
 - Level 1.5 Stealth
 + Level 4.6 Unarmed Combat


You had 6 spell levels left.
You didn't know any spells.
Your spell library was empty.

Dungeon Overview and Level Annotations

Branches:
Dungeon (6/15)
 Temple: D:4-7

Altars:
Trog

Shops:
D:3 =


Innate Abilities, Weirdness & Mutations

You are immune to poison.
Your flesh is cold resistant. (rC+)
You are immune to negative energy. (rN+++)
You are immune to unholy pain and torment.
You are vulnerable to heat. (rF-)
You do not drink.


Message History

Your +1 spectral club hits the orc warrior but does no damage.
The orc warrior barely misses you.
You closely miss the orc warrior.
The orc warrior is lightly wounded.
Your +1 spectral club hits the orc warrior.
The orc warrior completely misses you.
The orc warrior hits you with a +0 long sword!
You barely miss the orc warrior.
The orc warrior is moderately wounded.
Your +1 spectral club misses the orc warrior.
The orc warrior hits you with a +0 long sword.
You hit the orc warrior but do no damage.
The orc warrior is moderately wounded.
Your +1 spectral club hits the orc warrior.
The orc warrior hits your +1 spectral club with a +0 long sword!
Your spectral weapon shares its damage with you!
You hit the orc warrior but do no damage.
The orc warrior is heavily wounded.
Your +1 spectral club hits the orc warrior.
The orc warrior hits you with a +0 long sword! x2
You hit the orc warrior but do no damage.
The orc warrior is heavily wounded.
Your +1 spectral club hits the orc warrior.
The orc warrior misses your +1 spectral club.
You hit the orc warrior.
The orc warrior is severely wounded.
Your +1 spectral club barely misses the orc warrior.
The orc warrior hits you with a +0 long sword!
* * * LOW HITPOINT WARNING * * *
There is a stone staircase leading down here.
You closely miss the orc warrior.
The orc warrior is severely wounded.
Your +1 spectral club hits the orc warrior.
The orc warrior hits you with a +0 long sword!
* * * LOW HITPOINT WARNING * * *
You hit the orc warrior but do no damage.
The orc warrior is severely wounded.
Your +1 spectral club hits the orc warrior.
The orc warrior hits you with a +0 long sword.
You die...

##...#####..#### #
#..### #.....# #
##.## ###.....#
#.## ##.......##
##.# #.........#
### #.##
#.........# #>.
##.# #.........#
#.. #.##
#<........## #..
##.#####
#..@o(.....# #..
##.)....##
#........>.# #..
#........#
#..........## #..
##........#
#...........# #..
#.........#
##..........## ##..
##.........#
#.....[..>..####...
#..........##
#........#.........
#.##........#
##......##...####..
..###......##
#......#..### ###


You could see an orc warrior and a friendly +1 spectral club (summoned).

Vanquished Creatures
  Grinder (D:3)
  An ice beast (D:5)
  A phantom (D:5)
  A gnoll sergeant (D:3)
  A centaur zombie (D:5)
  A centaur skeleton (D:4)
  3 hounds
  A jelly (D:3)
  Jessica (D:2)
  Terence (D:2)
  3 iguanas
  2 hound zombies (D:5)
  Robin (D:4)
  8 gnolls
  An adder (D:2)
  A shadow imp (D:5)
  3 dart slugs
  8 orcs
  6 endoplasms
  6 giant cockroaches
  16 goblins
  15 hobgoblins
  2 jackals (D:3)
  10 kobolds
  2 quokkas
  7 ball pythons
  7 bats
  4 rats
114 creatures vanquished.

Notes
Turn   | Place    | Note
-------+----------+-------------------------------------------
     0 | D:1      | Gabide the Mummy Monk began the quest for the Orb.
     0 | D:1      | Reached XP level 1. HP: 18/18 MP: 1/1
   231 | D:1      | Reached XP level 2. HP: 13/24 MP: 2/2
   901 | D:1      | Reached XP level 3. HP: 29/29 MP: 3/3
  1575 | D:1      | Found a faded altar of an unknown god.
  2404 | D:2      | Noticed Jessica
  2414 | D:2      | Killed Jessica
  2415 | D:2      | Reached XP level 4. HP: 27/37 MP: 4/4
  2862 | D:3      | Noticed Terence
  2883 | D:2      | Killed Terence
  2884 | D:2      | Reached skill level 4 in Fighting
  2974 | D:3      | Noticed Grinder
  3099 | D:3      | Found Qugeo's Jewellery Emporium.
  3510 | D:3      | Killed Grinder
  3511 | D:3      | Reached XP level 5. HP: 20/43 MP: 5/5
  3511 | D:3      | Reached XP level 6. HP: 23/49 MP: 6/6
  4044 | D:3      | Reached skill level 5 in Fighting
  4320 | D:3      | Found the +8 woodcutter's axe {vorpal}
  4569 | D:4      | Reached XP level 7. HP: 40/56 MP: 7/7
  4853 | D:4      | Noticed Robin
  4864 | D:4      | Killed Robin
  5076 | D:4      | Found a bloodstained altar of Trog.
  5260 | D:5      | Entered Level 5 of the Dungeon
  5356 | D:5      | Reached skill level 1 in Armour
  6975 | D:5      | HP: 2/56 [orc warrior/+0 long sword (12)]
  6976 | D:5      | Slain by an orc warrior

Illustrated notes

Levels and vault maps discovered:
D:1:      nagdon_arrival_double_spiral, layout_loops_ring,
          chequers_ecumenical_altar_lobes, solitary_fountain
D:2:      layout_loops_corners, minmay_misc_feat_tiny,
          kennysheep_generic_room_9, uniq_jessica
D:3:      layout_loops_cross, serial_shops, shop, pf_guarded_unrand_woodcutter,
          uniq_terence, uniq_grinder
D:4:      layout_rooms, mainiacjoe_overflow_24_doors, uniq_robin
D:5:      layout_cave_pods
D:6:      layout_rooms, minmay_temple_entry_grid

Skill      XL: |  1  2  3  4  5  6  7 |
---------------+----------------------+-----
Dodging        | 3 4 |  4.6
Unarmed Combat | 3 4 |  4.6
Fighting       | 4 5 |  5.5
Armour         | 3 |  3.0
Stealth        | |  1.5

Action                   |  1- 3 |  4- 6 |  7- 9 || total
-------------------------+-------+-------+-------++-------
Melee: Unarmed           |   186 |    22 |       ||   208
       Punch             |     6 |       |     3 ||     9
       Club              |       |       |    71 ||    71
 Fire: Hunting sling     |       |   125 |    80 ||   205
  Use: Scroll            |       |     1 |     4 ||     5
 Stab: Sleeping          |     3 |       |       ||     3
       Distracted        |       |       |     2 ||     2
Armor: Robe              |    49 |       |       ||    49
       Scale mail        |       |    23 |    41 ||    64
       Leather armour    |       |     2 |       ||     2
Dodge: Dodged            |   134 |    31 |    39 ||   204
